[Event "Skol-SM 2021, grupp B"]
[Site "Helsingborg Arena, Helsingborg, Sweden"]
[Date "2021.10.09"]
[Round "6.1"]
[White "Olsson, William"]
[Black "Falkevall, Axel"]
[Result "1-0"]
[TimeControl "45 minutes + 10 seconds per move from move one."]
[WhiteTitle "FM"]
[BlackTitle "CM"]
[WhiteFideId "1741721"]
[BlackFideId "1735560"]
[WhiteElo "1944"]
[BlackElo "1948"]

1. d4 Nf6 2. c4 g6 3. Nc3 Bg7 4. Nf3 O-O 5. e4 d6 6. Be2 Nbd7 7. O-O e5 8. Rb1 Qe7 9. d5 Nc5 10.
Nd2 a5 11. b3 Bh6 12. Qc2 Nh5 13. Bxh5 gxh5 14. Nf3 Bxc1 15. Rfxc1 f5 16. Nd2 f4 17. f3 Kh8 18. Kh1 Rg8 19.
Rg1 Bd7 20. a3 Rg6 21. b4 axb4 22. axb4 Na6 23. Ne2 Rag8 24. Qc3 Qg7 25. g3 fxg3 26. Rxg3 Rxg3 27. hxg3 h4 28. Kg2 hxg3 29.
Rh1 c5 30. b5 Nb4 31. Nf1 Ra8 32. Nfxg3 Ra2 33. Qe3 Rc2 34. Ra1 h6 35. Rc1 Ra2 36. Kf2 Qg5 37. Qxg5 hxg5 38. Rc3 Kg7 39.
Nf1 Nc2 40. Nc1 Rb2 41. Rb3 Rxb3 42. Nxb3 b6 43. Ne3 Nd4 44. Nd2 Be8 45. Nd1 Kf6 46. Nc3 Ke7 47. Na4 Kd8 48. Nxb6 Kc7 49. Na4 Bd7 50. Ke3 Kb7 51.
Kd3 Bh3 52. Ke3 Kc7 53. Kf2 Bd7 54. Nf1 Be8 55. Ng3 Bg6 56. Nf1 Bh5 57. Nd2 g4 58. fxg4 Bxg4 59. Ke3 Kb7 60. Kd3 Be2+ 61. Kc3 Bg4 62. Nb2 Ne2+ 63. Kd3 Nd4 64. Na4 Be2+ 65. Ke3 Bg4 66. Nb2 Kb6 67.
Nd3 Nc2+ 68. Kf2 Na3 69. Nb2 Nc2 70. Nb3 Nd4 71. Na4+ Ka7 72. Na5 Bd1 73. b6+ Ka6 74. b7 Kb6 75. Nxb6 Nb3 76. Nd7 1-0

[Event "Skol-SM 2021, grupp B"]
[Site "Helsingborg Arena, Helsingborg, Sweden"]
[Date "2021.10.10"]
[Round "7.3"]
[White "Falkevall, Axel"]
[Black "Strom-Engdahl, Alexander"]
[Result "1-0"]
[TimeControl "45 minutes + 10 seconds per move from move one."]
[WhiteTitle "CM"]
[WhiteFideId "1735560"]
[BlackFideId "1741586"]
[WhiteElo "1948"]
[BlackElo "1822"]

1. d4 Nf6 2. c4 e6 3. Nc3 Bb4 4. e3 b6 5. Nge2 O-O 6. a3 Bxc3+ 7. Nxc3 Bb7 8. Bd3 d5 9. cxd5 exd5 10.
O-O c5 11. dxc5 bxc5 12. b4 Nbd7 13. Bb2 Rc8 14. Bf5 cxb4 15. axb4 a6 16. Ne2 Rb8 17. Nf4 Qe7 18. Qf3 Ne5 19.
Qg3 Ng6 20. Rfc1 Ne4 21. Bxe4 Qxe4 22. Nh5 Rbc8 23. Bxg7 Qf5 24. Bxf8 Rxf8 25. Rc7 Bc8 26. Nf4 Qe5 27. Rac1 Bf5 28. Nxg6 Qxg3 29. Ne7+ 1-0

[Event "Skol-SM 2021, grupp B"]
[Site "Helsingborg Arena, Helsingborg, Sweden"]
[Date "2021.10.10"]
[Round "8.1"]
[White "Dingertz, Erik"]
[Black "Ostlund, Joar"]
[Result "0-1"]
[TimeControl "45 minutes + 10 seconds per move from move one."]
[WhiteFideId "1741578"]
[BlackFideId "1735020"]
[WhiteElo "1761"]
[BlackElo "1700"]

1. c4 Nf6 2. Nc3 e6 3. g3 d5 4. Bg2 Be7 5. b3 d4 6. Ne4 Nxe4 7. Bxe4 O-O 8. e3 f5 9. Bg2 d3 10.
Bb2 Nc6 11. Bxc6 bxc6 12. f4 Bb7 13. Nf3 c5 14. O-O Bf6 15. Ne5 Qe8 16. Kf2 Be4 17. Rg1 a5 18. h3 a4 19. g4 Qc8 20.
g5 Bxe5 21. Bxe5 Qd7 22. Qc1 Bb7 23. Qc3 axb3 24. Qxb3 Be4 25. Qb5 Qe7 26. Qb2 Rfb8 27. Qc3 Rb4 28. a3 Rb6 29. a4 Rab8 30.
a5 Rb3 31. Qc1 Qd7 32. Ra3 Ba8 33. Rxb3 Rxb3 34. Bc3 Qc6 35. Qd1 Rb1 36. Qf3 Qxf3# 37. Kxf3 0-1

[Event "Skol-SM 2021, grupp B"]
[Site "Helsingborg Arena, Helsingborg, Sweden"]
[Date "2021.10.10"]
[Round "8.3"]
[White "Olsson, William"]
[Black "Mitra, Akash"]
[Result "1-0"]
[TimeControl "45 minutes + 10 seconds per move from move one."]
[WhiteTitle "FM"]
[WhiteFideId "1741721"]
[BlackFideId "1726714"]
[WhiteElo "1944"]
[BlackElo "1776"]

1. c4 Nf6 2. Nc3 e6 3. d4 Bb4 4. e3 b6 5. Nge2 Bb7 6. a3 Bxc3+ 7. Nxc3 O-O 8. d5 exd5 9. cxd5 d6 10.
Be2 c5 11. O-O Nbd7 12. e4 Re8 13. f3 a6 14. a4 Qc7 15. Be3 Rab8 16. b3 Ne5 17. Bf2 Qd7 18. Bh4 Kh8 19. Qd2 Ng6 20.
Bg5 Qe7 21. Rae1 Qf8 22. Bc4 h6 23. Be3 Re7 24. Qe2 Ra8 25. Qf2 Bc8 26. Bd2 Bd7 27. Qe2 Qc8 28. f4 Ne8 29. Bd3 Nc7 30.
e5 Bf5 31. Qf3 Bxd3 32. Qxd3 Ne8 33. e6 Nf8 34. f5 Nf6 35. Ne4 N8h7 36. Nxd6 1-0

[Event "Skol-SM 2021, grupp B"]
[Site "Helsingborg Arena, Helsingborg, Sweden"]
[Date "2021.10.10"]
[Round "8.5"]
[White "Malmstrom, Asker"]
[Black "Harlin, Jacob"]
[Result "1/2-1/2"]
[TimeControl "45 minutes + 10 seconds per move from move one."]
[WhiteFideId "1741519"]
[BlackFideId "1728180"]
[WhiteElo "1434"]
[BlackElo "1346"]

1. d4 d5 2. Bf4 Nf6 3. e3 Bf5 4. Bd3 Bg6 5. Nf3 e6 6. c3 c5 7. Ne5 c4 8. Bxg6 hxg6 9. Nd2 Be7 10.
Ndf3 O-O 11. Ng5 Nh5 12. Ngxf7 Rxf7 13.
Nxf7 Kxf7 14. Qf3 Nf6 15. Be5 Nbd7 16. g4 Kg8 17. Bxf6 Nxf6 18. Qe2 Ne4 19. f3 Bh4+ 20. Kf1 Nf2 21.
Rg1 Nd3 22. Kg2 Qb6 23. f4 Be7 24. b4 Bd6 25. Rgf1 Rf8 26. Qd2 Qd8 27. g5 Kf7 28. Rf3 Rh8 29. Rh3 Rxh3 30. Kxh3 Qh8+ 31.
Kg3 Qh5 32. h4 b5 33. a4 Bc7 34. axb5 Bb6 35. Ra2 Qh8 36. Ra6 Qe8 37. Ra1 Qxb5 38. Qe2 Ke7 39. h5 gxh5 40. Qxh5 Qe8 41. g6 Qf8 42. Rh1 Nb2 43. Qg5+ Kd7 44. Rh7 Bd8 45.
Qh5 Na4 46. Rh8 Qe7 47. Rh7 Nxc3 48. Qe5 Ne4+ 49. Kf3 Nf6 50. Rh2 Qxb4 51. f5 Qd6 52. fxe6+ Qxe6 53. Ra2 Qg4+ 54. Kf2 Ne4+ 55.
Ke1 Qg1+ 56. Ke2 Nc3+ 57. Kf3 Nxa2 58. Qxd5+ Ke7 59. Qe5+ Kd7 60. Qd5+ Kc7 61. Qc5+ Kb7 62. Qb5+ Bb6 63.
Qd7+ Bc7 64. Qb5+ Bb6 65. Qd7+ Kb8 66. Qe8+ Kc7 67. Qe7+ Kc6 68. Qe8+ Kd6 69. Qf8+ Ke6 70. Qf7+ Kd6 71.
Qf8+ Kc6 72. Qe8+ Kb7 73. Qd7+ Bc7 74. Qb5+ Bb6 75. Qd7+ Kb8 76. Qe8+ Kc7 77. Qe7+ Kc6 78. Qe8+ Kd6 79.
Qe5+ Kd7 80. Qb5+ Ke7 81. Qe5+ Kf8 82. Qd6+ Ke8 83. Qe6+ Kd8 1/2-1/2